[Event "Late-Titled-Tuesday-Blitz-May-14-2024"]
[Site "Chess.com"]
[Date "2024.05.14"]
[Round "6"]
[White "AungTZ"]
[Black "miraitrunks"]
[Result "0-1"]
[WhiteElo "2080"]
[BlackElo "2237"]
[TimeControl "180+1"]
[EndTime "15:06:49 PDT"]
[Termination "miraitrunks won on time"]

1. c4 c5 2. Nf3 Nc6 3. d4 cxd4 4. Nxd4 e5 5. Nb5 d6 6. N1c3 a6 7. Na3 Be6 8. e4 Nf6 9. Bg5 Be7 10. Bxf6 Bxf6 11.
Be2 O-O 12. O-O Bg5 13. Nc2 f5 14. exf5 Bxf5 15. Bg4 Rc8 16. Bxf5 Rxf5 17. Qg4 Qf6 18. Nd5 Qf7 19. Nce3 Bxe3 20. fxe3 Rf8 21. Rxf5 Qxf5 22. Qxf5 Rxf5 23. b4 Kf7 24. a4 e4 25. b5 Ne5 26.
Nb6 Nd3 27. bxa6 bxa6 28. Rb1 Rf2 29. Nd5 Re2 30. h3 Ra2 31. Rb7+ Kg6 32. Nc3 Rc2 33. Nxe4 Rxc4 34. Nxd6 Rxa4 35. Rb6 Ra1+ 36. Kh2 Ne1 37.
e4 Ra2 38. Nf5+ Kg5 39. Ne3 Re2 40. Rb3 Kf4 41. Nf5 Rxg2+ 42. Kh1 Kxe4 43. Nd6+ Kd4 0-1

[Event "Late-Titled-Tuesday-Blitz-May-14-2024"]
[Site "Chess.com"]
[Date "2024.05.14"]
[Round "6"]
[White "Jarming"]
[Black "Kiborg95"]
[Result "1-0"]
[WhiteElo "2692"]
[BlackElo "2883"]
[TimeControl "180+1"]
[EndTime "15:06:50 PDT"]
[Termination "Jarming won by resignation"]

1. c4 d6 2. g3 g6 3. Bg2 Bg7 4. e3 e5 5. Ne2 Nh6 6. Nbc3 O-O 7. d4 Nd7 8. O-O c6 9. h3 f5 10. b3 Nf7 11. Qd2 Re8 12. dxe5 dxe5 13. e4 f4 14. Rd1 Qf6 15. gxf4 exf4 16. Qxf4 Qxf4 17. Bxf4 Nc5 18.
Rac1 g5 19. Be3 Ne6 20. Nd4 Nf4 21. Kh2 Be5 22. Nf3 Bc7 23. Kg1 Ne5 24. Nxg5 Neg6 25.
Bf1 Nh4 26. Ne2 Nfg6 27. Nd4 Nf4 28. Ne2 Nh5 29. Nd4 Nf6 30. Nf5 Nxf5 31. exf5 Bxf5 32.
Rd4 Re7 33. Rf4 Bxf4 34. Bxf4 Rd8 35. Nf3 Ne4 36. Bg2 Rg7 37. Kf1 Rf7 38. Ne5 Re7 39. Nf3 Bg6 40. Kg1 Rf8 41. Bh2 Rfe8 42. Bf4 Rf7 43.
Bh2 Ref8 44. Ne5 Re7 45. Ng4 Ng5 46. f4 Ne4 47. Re1 Bf5 48. Nh6+ Kg7 49. Nxf5+ Rxf5 50. Rxe4 1-0

[Event "Late-Titled-Tuesday-Blitz-May-14-2024"]
[Site "Chess.com"]
[Date "2024.05.14"]
[Round "6"]
[White "zajka-molotok"]
[Black "Kosak12"]
[Result "0-1"]
[WhiteElo "2564"]
[BlackElo "2770"]
[TimeControl "180+1"]
[EndTime "15:06:50 PDT"]
[Termination "Kosak12 won by resignation"]

1. b3 g6 2. Bb2 Nf6 3. e3 Bg7 4. Nf3 O-O 5. Be2 d5 6. O-O c5 7. d4 b6 8. c4 dxc4 9. Bxc4 Nbd7 10. Nc3 Bb7 11. Qe2 a6 12. a4 cxd4 13. Nxd4 Ne5 14. Rfd1 Qc7 15. Rac1 Nxc4 16. bxc4 e6 17. a5 bxa5 18. Ba3 Rfc8 19. c5 e5 20. Nb3 Bc6 21.
Qc4 Rab8 22. Rd6 Ne8 23. Rd2 Bf8 24. Rcd1 Rd8 25. Rxd8 Rxd8 26. Rxd8 Qxd8 27. Qxa6 a4 28. Nc1 Qd7 29. h3 Nc7 30. Qa5 h5 31. N1e2 Ne6 32. Ng3 f5 33. Qb6 h4 34. Nge2 f4 35. exf4 exf4 36.
Qb4 f3 37. gxf3 Ng5 38. Qg4 Nxf3+ 39. Kh1 Ne5+ 40. f3 Nxg4 41. hxg4 Bxf3+ 42. Kg1 Qxg4+ 43. Kf2 Qg2+ 44. Ke3 h3 45. Nf4 Bh6 46. Nd5 Bxd5 0-1

[Event "Late-Titled-Tuesday-Blitz-May-14-2024"]
[Site "Chess.com"]
[Date "2024.05.14"]
[Round "6"]
[White "Michalczak"]
[Black "Bryanl106"]
[Result "1-0"]
[WhiteElo "2511"]
[BlackElo "2667"]
[TimeControl "180+1"]
[EndTime "15:06:50 PDT"]
[Termination "Michalczak won by resignation"]

1. e4 c5 2. c3 d5 3. exd5 Qxd5 4. Nf3 Nf6 5. Na3 g6 6. Bc4 Qe4+ 7. Be2 Bg7 8. O-O O-O 9. Re1 Qd5 10. Bc4 Qd8 11. d4 cxd4 12. Nxd4 a6 13. Nac2 b5 14. Bb3 Bb7 15. Bg5 Nbd7 16. Ne3 Nc5 17. Bc2 Re8 18. Qe2 Nce4 19. Bh4 Qb6 20. Rad1 e6 21. Ng4 Nxg4 22. Qxg4 Nd6 23. Nf3 Nf5 24. Bg5 h6 25. Bf4 Rad8 26. Ne5 Qc5 27. Nxg6 fxg6 28. Qxg6 Qc6 29. Rxd8 Rxd8 30.
Rxe6 Qd5 31. Re8+ Rxe8 32. Qxe8+ Kh7 33. f3 Bc6 34. Qh5 Bd7 35. g4 Qxf3 36. Bxf5+ Kh8 37.
Bxh6 Bxf5 38. Bxg7+ Kxg7 39. Qxf5 Qd1+ 40. Kg2 Qe2+ 41.
Kg3 Qxb2 42. Qe5+ Kh7 43. Qc7+ Kh8 44. Qc8+ Kh7 45. h4 Qc1 46. Qb7+ Kh8 47. Qc8+ Kh7 48. Qf5+ Kh8 49. Qf8+ Kh7 50. Qf7+ Kh8 51. Qf3 Qg1+ 52.
Kf4 Qc1+ 53. Kf5 Qb1+ 54. Qe4 Qxa2 55. Qe5+ Kh7 56. Qe7+ Kh8 57. Kg6 Qg8+ 58. Kh6 Qxg4 59. Qf8+ Qg8 60. Qf6+ 1-0

[Event "Late-Titled-Tuesday-Blitz-May-14-2024"]
[Site "Chess.com"]
[Date "2024.05.14"]
[Round "6"]
[White "Oleksandr_Bortnyk"]
[Black "kingofthenil"]
[Result "1-0"]
[WhiteElo "3057"]
[BlackElo "2867"]
[TimeControl "180+1"]
[EndTime "15:06:52 PDT"]
[Termination "Oleksandr_Bortnyk won by resignation"]

1. e4 e6 2. Nf3 d5 3. e5 c5 4. d4 Nc6 5. Bd3 cxd4 6. O-O f6 7. Bf4 Nge7 8. Re1 Ng6 9. Bg3 Be7 10. Nbd2 O-O 11.
Bxg6 hxg6 12. Nb3 f5 13. h3 Qb6 14. Rb1 Bd7 15. Bf4 Rfc8 16. Bg5 Bb4 17. Re2 a5 18.
Nbxd4 Bc5 19. Nxc6 Rxc6 20. Be3 Rac8 21. c3 Bxe3 22. Rxe3 Rc4 23. Nd4 Qd8 24. Rg3 Kf7 25. Qd2 Qh4 26. Rd1 Qh6 27. Qe2 b5 28. Nf3 b4 29.
Ng5+ Kg8 30. cxb4 axb4 31. b3 Rc2 32. Qa6 Qh4 33. Qa7 R2c7 34. Qb6 Rc6 35. Qa7 R8c7 36. Qd4 Qxd4 37. Rxd4 Rc1+ 38. Kh2 Ra1 39. Rxb4 Kf8 40.
a4 Rc2 41. Rb7 Rcc1 42. Rf3 Ke7 43. Kg3 Rc2 44. h4 Rb1 45. Nh3 Rcb2 46. Nf4 Kd8 47.
Nxg6 d4 48. Rb4 d3 49. Rxd3 Kc7 50. Rc4+ Bc6 51. Rdc3 Rxb3 52. Rxc6+ Kb7 53. Nf4 Rxc3+ 54. Rxc3 Rb3 55. Rxb3+ 1-0

[Event "Late-Titled-Tuesday-Blitz-May-14-2024"]
[Site "Chess.com"]
[Date "2024.05.14"]
[Round "6"]
[White "The_Straightforward_Rook"]
[Black "CombativeWombat"]
[Result "1-0"]
[WhiteElo "2485"]
[BlackElo "2334"]
[TimeControl "180+1"]
[EndTime "15:06:52 PDT"]
[Termination "The_Straightforward_Rook won by checkmate"]

1. d4 d5 2. Nf3 Nf6 3. c4 e6 4. Bg5 dxc4 5. e4 Bb4+ 6. Nbd2 b5 7. e5 h6 8. Bh4 g5 9. Nxg5 hxg5 10. Bxg5 Nbd7 11.
exf6 Bb7 12. a3 Bd6 13. a4 a6 14. h4 Nb6 15. b3 c3 16. Nf3 b4 17. Bd3 Nd5 18. Qe2 Nf4 19. Qf1 Nxd3+ 20. Qxd3 Bd5 21. Rb1 Qd7 22. O-O Qc6 23. Ne1 Kd7 24. f3 Rag8 25. Nc2 Bg3 26. Nxb4 Qd6 27. Nxa6 Rxg5 28. Nc5+ Qxc5 29.
dxc5 Rxh4 30. Rfd1 Rgh5 31. Kf1 Rh1+ 32. Ke2 Re5+ 33.
Qe3 Rxe3+ 34. Kxe3 Rxd1 35. Rxd1 c2 36. Rc1 Bxb3 37.
a5 Kc6 38. a6 Be5 39. f4 Bb2 40. a7 Kb7 41. Kd2 Bxc1+ 42. Kxc1 Kxa7 43. Kb2 Ka6 44. g4 Kb5 45. g5 Kxc5 46. g6 fxg6 47. f7 Kb4 48.
f8=Q+ c5 49. Qf6 c4 50. Qxg6 c3+ 51. Kc1 Ka3 52. Qd3 Ka2 53. Qxc3 e5 54. Qb2# 1-0

[Event "Late-Titled-Tuesday-Blitz-May-14-2024"]
[Site "Chess.com"]
[Date "2024.05.14"]
[Round "6"]
[White "Zq1"]
[Black "dennisodessa"]
[Result "0-1"]
[WhiteElo "2599"]
[BlackElo "2467"]
[TimeControl "180+1"]
[EndTime "15:06:53 PDT"]
[Termination "dennisodessa won by resignation"]

1. Nf3 Nf6 2. c4 b6 3. g3 e6 4. Bg2 Bb7 5. O-O Be7 6. Nc3 O-O 7. Qc2 c5 8. b3 d5 9. cxd5 Nxd5 10. Bb2 Nd7 11.
Rac1 Nxc3 12. Bxc3 Bf6 13. Rfd1 Rc8 14. Ng5 Bxg5 15.
Bxb7 Rc7 16. Be4 h6 17. Bg2 Bf6 18. Qb2 Qe7 19. a3 Rd8 20. Rc2 Bxc3 21. Qxc3 Nf6 22.
d3 Rcd7 23. Rdc1 Rd4 24. Qb2 a5 25. h3 e5 26. Rc4 e4 27. Rxd4 Rxd4 28. dxe4 Nxe4 29. e3 Rd2 30. Rc2 Rd1+ 31. Kh2 f5 32. Re2 Qd6 33. Qc2 Qd3 34. Qxd3 Rxd3 35. g4 Rxb3 36. gxf5 Nc3 37. Rd2 Rxa3 38. Rd7 b5 39. Rc7 c4 40. e4 Ra2 41. Kg3 Re2 42. Bf3 Re1 43. Kf4 a4 44. e5 a3 45. f6 gxf6 46. Kf5 Rxe5+ 47. Kxf6 Nd5+ 48. Kxe5 Nxc7 0-1

[Event "Late-Titled-Tuesday-Blitz-May-14-2024"]
[Site "Chess.com"]
[Date "2024.05.14"]
[Round "6"]
[White "Fjal"]
[Black "GiorgianBarbosa"]
[Result "0-1"]
[WhiteElo "2350"]
[BlackElo "2523"]
[TimeControl "180+1"]
[EndTime "15:06:53 PDT"]
[Termination "GiorgianBarbosa won by resignation"]

1. Nf3 Nf6 2. g3 g6 3. Bg2 Bg7 4. O-O O-O 5. d3 d5 6. c4 c5 7. Nc3 Nc6 8. Nxd5 Nxd5 9. cxd5 Qxd5 10. a3 b6 11. Qa4 Bb7 12. Rb1 Nd4 13. Re1 Bc6 14. Qc4 Qxc4 15. dxc4 Be4 16. Nd2 Bxb1 17. Bxa8 Rxa8 18. Nxb1 Nb3 19. Bg5 e6 20. Nc3 Bxc3 21. bxc3 Na5 22. Bf6 Nxc4 23. a4 Nd6 24. f3 Ne8 25.
Be7 f6 26. Rd1 a6 27. Rd7 Rc8 28. Kf2 Rc7 29. Rxc7 Nxc7 30. Bxf6 Kf7 31. Bd8 Na8 32. e4 Ke8 33. Bf6 Nc7 34. Ke3 b5 35. Kf4 bxa4 36. c4 Na8 37. Kg5 Nb6 38. Kh6 Nxc4 39. Kxh7 Kf7 40. Bc3 a3 41. h4 a2 42. g4 Nd2 43. h5 g5 44. f4 Nxe4 45. fxg5 Nxc3 46. g6+ Ke7 47. g7 Ne4 48. g5 Nxg5+ 49. Kg6 a1=Q 50. Kxg5 Qg1+ 51. Kh6 Kf7 0-1

[Event "Late-Titled-Tuesday-Blitz-May-14-2024"]
[Site "Chess.com"]
[Date "2024.05.14"]
[Round "6"]
[White "rychessmaster1"]
[Black "GrotBchess"]
[Result "0-1"]
[WhiteElo "2735"]
[BlackElo "2564"]
[TimeControl "180+1"]
[EndTime "15:06:54 PDT"]
[Termination "GrotBchess won by resignation"]

1. d4 Nf6 2. c4 e6 3. Nf3 d5 4.
Nc3 Be7 5. Bf4 O-O 6. e3 c5 7.
dxc5 Bxc5 8. Qc2 Nc6 9. a3 d4 10. Rd1 e5 11. Nxe5 Qe7 12. Nxc6 bxc6 13. b4 dxe3 14. fxe3 Bxe3 15. Qe2 Ng4 16. Bxe3 Nxe3 17. Rd3 Re8 18. Nd1 Nxg2+ 19. Kf2 Qh4+ 20. Kxg2 Rxe2+ 21. Bxe2 Bf5 22. Re3 Be4+ 23. Bf3 Qg4+ 24. Kf2 Bxf3 25. Rxf3 Qxc4 26. Re1 h6 27. Ne3 Qa2+ 28. Re2 Qxa3 29. Nd5 Qxf3+ 30. Kxf3 cxd5 31. Ra2 Rb8 32. Ra4 Rb7 33.
Ke3 Kf8 34. Kd4 Rb5 35. Rxa7 Rxb4+ 36. Kxd5 Rh4 37. Kd6 g6 38. Ra2 Kg7 39. Rf2 Re4 40.
Kd5 Re6 41. h4 g5 42. h5 Rf6 43. Rg2 Rf4 44. Ke5 Rh4 45. Kf5 Rxh5 46. Rc2 Rh4 47.
Ke5 Rf4 48. Rh2 Kg6 49. Rh1 f6+ 50. Ke6 h5 51. Rg1 Re4+ 52. Kd5 f5 53. Rb1 g4 0-1

[Event "Late-Titled-Tuesday-Blitz-May-14-2024"]
[Site "Chess.com"]
[Date "2024.05.14"]
[Round "6"]
[White "Polish_fighter3000"]
[Black "AlexeiShirov"]
[Result "1-0"]
[WhiteElo "3110"]
[BlackElo "2919"]
[TimeControl "180+1"]
[EndTime "15:06:55 PDT"]
[Termination "Polish_fighter3000 won by resignation"]

1. Nf3 d5 2. c4 e6 3. g3 Nf6 4.
Bg2 Be7 5. O-O O-O 6. d4 dxc4 7.
Qc2 a6 8. a4 Bd7 9. Qxc4 Bc6 10. Bg5 Nbd7 11. e3 h6 12. Bxf6 Nxf6 13. Nc3 a5 14.
Rfd1 Bb4 15. h4 Bxf3 16. Bxf3 c6 17. h5 Nd5 18. Kg2 Qe7 19. Rac1 Rfd8 20. Qe2 Nf6 21. Ne4 Rac8 22. Nxf6+ Qxf6 23. Be4 Rc7 24. Rd3 Rdc8 25. b3 b5 26. Rdd1 bxa4 27. bxa4 c5 28.
d5 c4 29. dxe6 fxe6 30. Rd4 c3 31. Bc2 Rd8 32. Rcd1 Rcc8 33. Qd3 Rxd4 34. Qh7+ Kf7 35. Rxd4 Ke7 36. Rg4 Kd6 37. Rxg7 Qe5 38. Rd7+ Kc5 39.
Qxh6 Rc7 40. Rxc7+ Qxc7 41. Qg5+ Kb6 42. h6 Qc6+ 43. Kg1 Qd6 44. h7 Qd2 45. Qg6 Qc1+ 46.
Kg2 1-0

[Event "Late-Titled-Tuesday-Blitz-May-14-2024"]
[Site "Chess.com"]
[Date "2024.05.14"]
[Round "6"]
[White "Artem_Koval"]
[Black "Boninknights"]
[Result "1-0"]
[WhiteElo "2579"]
[BlackElo "2380"]
[TimeControl "180+1"]
[EndTime "15:06:57 PDT"]
[Termination "Artem_Koval won on time"]

1. e4 c5 2. d4 cxd4 3. c3 Qa5 4. Nf3 Nc6 5. Bc4 Nf6 6. O-O Nxe4 7. Re1 d5 8. Bd3 f5 9. cxd4 g6 10. Nc3 Bg7 11. Qb3 e6 12. Be3 O-O 13. Rac1 Qb4 14. Qc2 Qe7 15. a3 Bd7 16. Na4 Rac8 17. Nc5 Nxd4 18.
Bxd4 Bxd4 19. Nxd4 Rxc5 20. Qb3 b6 21. f3 Qf6 22. Ne2 Nd6 23. Rxc5 bxc5 24. Bb1 Qf7 25. Qe3 Rc8 26. Nf4 Nc4 27. Qf2 e5 28. Nd3 e4 29.
Nxc5 e3 30. Rxe3 Rxc5 31. Rc3 Rc8 32. Qxa7 Be6 33. Qd4 Qg7 34. Qxg7+ Kxg7 35. Ba2 Nb6 36. Rd3 Rc1+ 37. Kf2 Rc2+ 38. Kg3 Rxb2 39. Bb3 g5 40. f4 g4 41. a4 Nc4 42. a5 Nxa5 43. Bxd5 Bxd5 44.
Rxd5 Nc4 45. Rxf5 1-0

[Event "Late-Titled-Tuesday-Blitz-May-14-2024"]
[Site "Chess.com"]
[Date "2024.05.14"]
[Round "6"]
[White "klifus"]
[Black "el_sporco"]
[Result "0-1"]
[WhiteElo "2138"]
[BlackElo "2363"]
[TimeControl "180+1"]
[EndTime "15:06:57 PDT"]
[Termination "el_sporco won on time"]

1. Nf3 d5 2. g3 Nf6 3. Bg2 e6 4. O-O Be7 5. d3 O-O 6. Nbd2 c5 7. e4 Nc6 8. e5 Nd7 9. Re1 Rb8 10. Nf1 b5 11. h4 b4 12. Bf4 a5 13. N1h2 a4 14.
h5 h6 15. Ng4 Nd4 16. Nxd4 cxd4 17. Qd2 Bg5 18. Bxg5 Qxg5 19. Qe2 Qxh5 20. f4 Qg6 21. Kh2 h5 22. Nf2 Qh6 23. Nh3 g6 24.
Qf2 f6 25. Qxd4 fxe5 26. fxe5 Qd2 27. Rac1 Rf5 28. Nf4 h4 29. Nxe6 hxg3+ 30. Kxg3 Nxe5 31. Rxe5 Qxc1 32. Rxf5 Bxe6 33. Bxd5 Qe1+ 34. Rf2 Qg1+ 35. Kf3 Rf8+ 36. Ke2 Rxf2+ 37. Qxf2 Qxf2+ 38. Kxf2 Bxd5 39. a3 bxa3 40. bxa3 Kg7 41. c4 Be6 42. c5 Kf6 43. Ke3 Ke5 44. d4+ Kd5 45. Kf4 Bf5 46. Kg5 Bd3 47. Kf6 Kxd4 48. c6 Kc3 0-1

[Event "Late-Titled-Tuesday-Blitz-May-14-2024"]
[Site "Chess.com"]
[Date "2024.05.14"]
[Round "6"]
[White "artin10862"]
[Black "Durarbayli"]
[Result "1-0"]
[WhiteElo "2901"]
[BlackElo "2952"]
[TimeControl "180+1"]
[EndTime "15:06:58 PDT"]
[Termination "artin10862 won on time"]

1. e4 e5 2. Nf3 Nc6 3. d4 exd4 4. Nxd4 Nf6 5. Nxc6 bxc6 6. e5 Qe7 7. Qe2 Nd5 8.
h4 Qe6 9. c4 Nb6 10. b3 d5 11.
exd6 cxd6 12. Bb2 a5 13. Nc3 a4 14. O-O-O Qxe2 15. Bxe2 axb3 16. axb3 Be6 17. Bf3 Rc8 18. Rhe1 d5 19. cxd5 cxd5 20. Kb1 Bb4 21. Re3 O-O 22. Nxd5 Nxd5 23. Bxd5 Rfd8 24. Rxe6 fxe6 25. Bxe6+ Kf8 26. Rxd8+ Rxd8 27. Bc1 Rd1 28. Kc2 Rg1 29. Bh3 Bc5 30.
f3 h6 31. Bf4 Bb4 32. Kd3 Rd1+ 33. Kc4 Be7 34. h5 Ke8 35. Bf5 Bf6 36. Be4 Kd7 37. Be3 Re1 38. Bb6 Rc1+ 39. Kb5 Be7 40. b4 Kc8 41. Bd4 Bf8 42. Be5 Kd7 43. Bf5+ Kd8 44.
Ka5 Re1 45. Be4 Rh1 46. g4 Rc1 47. b5 Rc5 48. Bf4 Kc8 49. Kb6 Rc4 50. Be5 Bc5+ 51. Ka5 Rc1 52. b6 Bxb6+ 53. Kxb6 Kd7 54. Bxg7 1-0

[Event "Late-Titled-Tuesday-Blitz-May-14-2024"]
[Site "Chess.com"]
[Date "2024.05.14"]
[Round "6"]
[White "nindjaxx8"]
[Black "platy3"]
[Result "1-0"]
[WhiteElo "2666"]
[BlackElo "2878"]
[TimeControl "180+1"]
[EndTime "15:06:58 PDT"]
[Termination "nindjaxx8 won by resignation"]

1. d4 Nf6 2. c4 e6 3. Nc3 Bb4 4. Qc2 d5 5. cxd5 Qxd5 6. Nf3 Qf5 7. Qxf5 exf5 8. Bd2 c6 9. e3 Be6 10. a3 Bxc3 11.
bxc3 Nbd7 12. Bd3 Ne4 13. Rb1 b5 14. Ng1 Nb6 15. f3 Nd6 16. Ne2 Bc4 17. Bc2 O-O 18.
Ng3 g6 19. h4 Rfe8 20. Kf2 Bd5 21. h5 Ndc4 22. Bc1 f4 23. exf4 f5 24. hxg6 hxg6 25.
Re1 Rxe1 26. Kxe1 Re8+ 27. Kf2 a5 28. Nf1 a4 29. g4 Be6 30. gxf5 Bxf5 31. Bxf5 gxf5 32.
Ne3 Rxe3 33. Bxe3 Nxa3 34. Rg1+ Kf7 35. Rg5 Nac4 36. Rxf5+ Ke6 37. Rh5 a3 38. f5+ Kf7 39. Rh1 Nd5 40. Ra1 Nxc3 41. Bc1 a2 42. Ke1 b4 43.
Bd2 Na3 44. Bxc3 b3 45. Kd2 Kf6 46. Bb2 Nb5 47. Rc1 Kxf5 48. Rxc6 Na3 49. Ba1 Nc2 50. Rxc2 bxc2 51. Kxc2 1-0

[Event "Late-Titled-Tuesday-Blitz-May-14-2024"]
[Site "Chess.com"]
[Date "2024.05.14"]
[Round "6"]
[White "1800_strength"]
[Black "SharathRk6"]
[Result "0-1"]
[WhiteElo "2757"]
[BlackElo "2522"]
[TimeControl "180+1"]
[EndTime "15:06:58 PDT"]
[Termination "SharathRk6 won by resignation"]

1. a4 e5 2. Ra3 Bxa3 3. Nxa3 d5 4. b3 Nf6 5. Bb2 Nc6 6. g3 O-O 7. Bg2 Re8 8. e3 Bf5 9. Ne2 Bg6 10. O-O Qd7 11. f4 Be4 12. fxe5 Bxg2 13. Kxg2 Nxe5 14. Qa1 Qe6 15. Nb5 Qe7 16. Rf5 Neg4 17. Rf4 c6 18. Nbd4 Nh6 19. h3 Nh5 20. Rh4 Nxg3 21. Kxg3 Qg5+ 22.
Rg4 Nxg4 23. hxg4 h5 24. Qh1 Qxg4+ 25. Kf2 Re5 26. Nf3 Rf5 27. Nd4 Rf6 28. Ne2 Rf5 29. Ng3 Rxf3+ 30. Qxf3 Qxf3+ 31. Kxf3 g6 32. Ne2 c5 33. d3 Kf8 34. Bf6 Ke8 35. e4 dxe4+ 36. dxe4 Kd7 37. e5 Ke6 38. Ke4 Rc8 39. Nf4+ Kd7 40. c4 Kc6 41. Nh3 a6 42. Ng5 Rc7 43. Bd8 Rd7 44. Bf6 b5 45. axb5+ axb5 46. Nf3 bxc4 47. bxc4 Ra7 48. Ng5 Kb6 49. Kd5 Rd7+ 50. Ke4 Rd4+ 51. Ke3 Rd7 52. Ne4 Kc6 53. Ng5 h4 54. Nh3 Rd4 55. e6 Rd6 56. e7 Re6+ 57.
Kf4 Rxf6+ 58. Kg5 Re6 0-1

[Event "Late-Titled-Tuesday-Blitz-May-14-2024"]
[Site "Chess.com"]
[Date "2024.05.14"]
[Round "6"]
[White "chessdjw"]
[Black "Nf3c5"]
[Result "1-0"]
[WhiteElo "2769"]
[BlackElo "2561"]
[TimeControl "180+1"]
[EndTime "15:06:59 PDT"]
[Termination "chessdjw won by resignation"]

1. d4 Nf6 2. c4 Nc6 3. Nc3 e5 4. d5 Ne7 5. Nf3 Ng6 6. h4 h5 7. Bg5 Be7 8. e3 d6 9. Bd3 Nf8 10. Nd2 N8d7 11. Qe2 Nc5 12. Bc2 a5 13. O-O-O Bg4 14.
f3 Bd7 15. Kb1 c6 16. dxc6 bxc6 17. Bxf6 gxf6 18. Nde4 Nb7 19. g4 Qb6 20. Na4 Qc7 21. Ng3 hxg4 22. fxg4 d5 23. Bf5 Be6 24. Nc3 Rd8 25.
g5 fxg5 26. hxg5 Rxh1 27. Rxh1 e4 28. cxd5 cxd5 29. Rh8+ Kd7 30. Nxd5 Qxg3 31. Qb5+ Kd6 32. Qb6+ Kxd5 33. Bxe6+ fxe6 34. Qxb7+ Ke5 35. Rxd8 Qe1+ 36. Kc2 Bxd8 37. Qb8+ Kf5 38. Qxd8 Qe2+ 39. Kc3 Qxe3+ 40. Kc4 Qxg5 41. Qa8 Qd2 42. Qf8+ Ke5 43. Qg7+ Kd6 44. Qf8+ Kd7 45. Qf7+ Kd6 46. Qf8+ Ke5 47. Qh8+ Kf4 48. Qh6+ Kf3 49. Qxd2 e3 50. Qe1 e2 51. Kd3 e5 52.
Qxe2+ Kf4 53. Qe4+ 1-0

[Event "Late-Titled-Tuesday-Blitz-May-14-2024"]
[Site "Chess.com"]
[Date "2024.05.14"]
[Round "6"]
[White "VacheH009"]
[Black "Incognito_Knight"]
[Result "0-1"]
[WhiteElo "2543"]
[BlackElo "2727"]
[TimeControl "180+1"]
[EndTime "15:07:02 PDT"]
[Termination "Incognito_Knight won by checkmate"]

1. d4 Nf6 2. c4 b6 3. f3 Nc6 4. d5 Ne5 5. e4 e6 6. Bf4 Ng6 7. Be3 Bc5 8. Bxc5 bxc5 9. Qd2 d6 10.
Bd3 Ne5 11. Ne2 Rb8 12. b3 O-O 13. O-O c6 14. dxe6 fxe6 15. Nbc3 Qe7 16. Bc2 Nf7 17. Rad1 e5 18. Ng3 g6 19. a3 Bd7 20. b4 cxb4 21. axb4 Rxb4 22. Nb5 Rxc4 23. Bb3 cxb5 24. Bxc4 bxc4 25. Ra1 Be6 26. Qa5 Rc8 27. Rfc1 Rc7 28.
Ne2 Kg7 29. Nc3 h5 30. Nb5 Rc5 31. Qa6 h4 32. Nc3 h3 33. Qxa7 Rc7 34. Qe3 hxg2 35.
Kxg2 Nh5 36. Kh1 Nf4 37. Rg1 Qh4 38. Ra2 Ng5 39. Rd2 Rd7 40. Nb5 Ngh3 41. Rf1 Nd3 42. Re2 Rd8 43. Qa7+ Rd7 44. Qe3 Nhf4 45. Ra2 Bh3 46. Ra7 Rxa7 47. Qxa7+ Kh6 48. Qb8 Qf6 49. Rg1 Nf2# 0-1

[Event "Late-Titled-Tuesday-Blitz-May-14-2024"]
[Site "Chess.com"]
[Date "2024.05.14"]
[Round "6"]
[White "PawnEatingZombie"]
[Black "Redzishchess"]
[Result "0-1"]
[WhiteElo "2308"]
[BlackElo "2499"]
[TimeControl "180+1"]
[EndTime "15:07:04 PDT"]
[Termination "Redzishchess won on time"]

1. e4 c5 2. Nc3 Nc6 3. f4 g6 4. Nf3 Bg7 5. a4 e6 6. e5 Nge7 7. Ne4 O-O 8. Nxc5 d6 9. Ne4 dxe5 10. fxe5 Nxe5 11. Be2 Nf5 12. O-O b6 13. d3 Bb7 14.
Bg5 Nxf3+ 15. Bxf3 Qd4+ 16. Kh1 Ne3 17. Bxe3 Qxe3 18.
Nf6+ Bxf6 19. Bxb7 Rab8 20. Bf3 Bxb2 21. Rb1 Bg7 22.
Rb4 h5 23. Qb1 Rbc8 24. c4 Bd4 25. Rd1 Rfd8 26. Qc1 Qxc1 27. Rxc1 Bc5 28. Rb3 Rd4 29. Rd1 Rcd8 30. g3 Kg7 31. Kg2 a5 32. Be2 f5 33.
Rf1 e5 34. h4 e4 35. dxe4 Rxe4 36. Bd3 Re3 37. Rf3 Rxf3 38. Kxf3 Kf6 39. Be2 Rd2 40. Rd3 Rxd3+ 41. Bxd3 Ke5 42. Be2 Kd4 43. Kf4 Bd6+ 44. Kg5 Bxg3 45. Kxg6 Bxh4 46. Kxh5 Be7 47. Kg6 f4 48. Kf5 Ke3 49. Bg4 f3 50. Ke6 f2 51.
Bh3 Bc5 0-1

[Event "Late-Titled-Tuesday-Blitz-May-14-2024"]
[Site "Chess.com"]
[Date "2024.05.14"]
[Round "6"]
[White "Quattroporte300"]
[Black "DIMONBANAN"]
[Result "0-1"]
[WhiteElo "2454"]
[BlackElo "2622"]
[TimeControl "180+1"]
[EndTime "15:07:05 PDT"]
[Termination "DIMONBANAN won on time"]

1. e4 e5 2. Nf3 Nc6 3. Bc4 Nf6 4.
d3 h6 5. O-O g6 6. c3 Bg7 7. d4 exd4 8. e5 Ne4 9. cxd4 d5 10. Bb3 O-O 11. h3 Na5 12. Bc2 b6 13.
Nc3 Nxc3 14. bxc3 c5 15. Re1 Re8 16. Bf4 Nc4 17. Nd2 Nxd2 18. Qxd2 Be6 19. Bxh6 cxd4 20. cxd4 Rc8 21. Ba4 Bd7 22. Bb3 Bb5 23. Rac1 Qd7 24. Qf4 Bc4 25. Bxc4 dxc4 26. Bxg7 Kxg7 27. Rc3 b5 28. h4 Rcd8 29. Re4 Qf5 30. Qxf5 gxf5 31. Rf4 Rd5 32. Rg3+ Kf8 33. Ra3 Re7 34. Rc3 Red7 35. Rxf5 Rxd4 36. e6 Re7 37. Rxf7+ Rxf7 38. exf7 Kxf7 39.
a3 Rxh4 40. Kf1 a5 41. Ke2 b4 42. axb4 axb4 43. Rf3+ Ke6 44. Kd2 Kd5 45. Rf8 Rh6 46.
Rd8+ Ke4 47. Re8+ Kd4 48. Rd8+ Kc5 49. Rc8+ Kb5 50. g4 Rf6 51. Ke3 b3 52. Rd8 b2 53.
Rd1 c3 54. g5 c2 55. Rd5+ Kc4 56. Rd8 c1=Q+ 0-1

[Event "Late-Titled-Tuesday-Blitz-May-14-2024"]
[Site "Chess.com"]
[Date "2024.05.14"]
[Round "6"]
[White "sergiochess83"]
[Black "Mikayel99"]
[Result "1-0"]
[WhiteElo "2855"]
[BlackElo "2623"]
[TimeControl "180+1"]
[EndTime "15:07:07 PDT"]
[Termination "sergiochess83 won on time"]

1. e4 c5 2. Nf3 d6 3. d4 cxd4 4. Nxd4 Nf6 5. Nc3 a6 6. Be2 e5 7.
Nb3 Be7 8. Be3 Be6 9. Nd5 Nbd7 10. Qd3 O-O 11. c4 b5 12. cxb5 axb5 13. O-O Bxd5 14. exd5 Nb6 15. Bxb6 Qxb6 16. Qxb5 Qa7 17. a4 Rab8 18.
Qa5 Qd7 19. Bb5 Qg4 20. Rad1 Nh5 21. Qc3 Nf4 22. Qf3 Qg6 23. Na5 Bg5 24. Nc6 Rb7 25. g3 e4 26. Qa3 Bf6 27. b4 Qg4 28. Rfe1 Nh3+ 29. Kg2 Ng5 30. Be2 Qh3+ 31. Kg1 h5 32.
Bf1 Qg4 33. Bg2 h4 34. b5 hxg3 35. hxg3 Ra8 36. Qe3 Rxa4 37. Rb1 Nf3+ 38. Bxf3 exf3 39. b6 Ra6 40. Qe8+ Kh7 41. Rb4 Qh3 42. Qe4+ g6 43. Qxf3 Kg7 44. Rf4 Raxb6 45. Rxf6 Rb1 46. Rxf7+ Rxf7 47. Qc3+ Kh7 48. Rxb1 Qf5 49. Qb2 Qxd5 50. Rc1 Rc7 51.
Qb6 Rf7 52. Re1 Qf5 53. Nb4 1-0

[Event "Late-Titled-Tuesday-Blitz-May-14-2024"]
[Site "Chess.com"]
[Date "2024.05.14"]
[Round "6"]
[White "OIAM03"]
[Black "Seppppppy"]
[Result "0-1"]
[WhiteElo "1964"]
[BlackElo "2335"]
[TimeControl "180+1"]
[EndTime "15:07:10 PDT"]
[Termination "Seppppppy won on time"]

1. e4 e5 2. Nf3 Nc6 3. d4 exd4 4. Nxd4 Nf6 5. Nxc6 bxc6 6. e5 Qe7 7. Qe2 Nd5 8. c4 Ba6 9. b3 g6 10. f4 Bg7 11. Qf2 Nb4 12. a3 Bxe5 13. fxe5 Qxe5+ 14. Qe2 Nc2+ 15. Kd1 Qxe2+ 16. Bxe2 Nxa1 17. Bb2 O-O 18. Bxa1 Rab8 19. b4 d5 20. Nd2 Rfd8 21. Kc2 dxc4 22. Nxc4 Re8 23. Bd3 Rbd8 24. Rd1 Bb5 25. Kc3 Ba4 26. Rf1 Bb5 27. Bb2 Re3 28. Rd1 Re7 29. Bc1 Red7 30. Bg5 Ba4 31. Bxd8 Bxd1 32. Bf6 Rd5 33.
Ne3 Rd6 34. Nxd1 Rxf6 35. Ne3 Rf2 36. Be4 Re2 37. Kd3 Ra2 38. Nc4 Ra1 39. Bxc6 Kf8 40. Ne5 Ke7 41. Nc4 Rd1+ 42. Kc3 Rc1+ 43. Kb3 Rh1 44. h3 Rb1+ 45. Kc3 Re1 46. Bf3 Re6 47. Na5 Rf6 48. Nc6+ Kd7 49. Ne5+ Kc8 50. Nc6 a6 51. Ne5 Kd8 52. Nc6+ Kd7 53. Ne5+ Ke6 54. Nc6 g5 0-1